Match 25747543
Unlisted

Match 25747543
End
Panzergrenadier Squad
Panzergrenadier Squad
Selects Armored Support Battlegroup
Panzergrenadier Squad
Construct Light Support Kompanie
2.5-tonne Medical Truck
Fire Support Elements
Veteran Squad Leaders
le.IG 18 Mechanized Group
Selects Veteran Gunners
Pak 38 Anti-tank Gun Team
Capitalism
colinmeier50
vmotsaev
AirborneP51
Hipoapa
sisima78
TidaL
0
0

Comments sign in to comment!

No comments posted yet!